 Dungeon Crawl Stone Soup version 0.26.0-45-g9c1d065592 (webtiles) character file.

Game seed: 37800025745626133

14 Hellfordprime the Grave Robber (level 2, 0/19 HPs)
             Began as a Human Necromancer on Jan 28, 2021.
             Slain by an ooze (1 damage)
             ... on level 1 of the Dungeon.
             The game lasted 00:06:19 (507 turns).

Hellfordprime the Grave Robber (Human Necromancer)   Turns: 507, Time: 00:06:20

Health: 0/19       AC:  2    Str:  8    XL:     2   Next: 55%
Magic:  5/5        EV: 12    Int: 15    God:
Gold:   0          SH:  0    Dex: 13    Spells: 4/5 levels left

rFire    . . .     SeeInvis .   e - +0 club
rCold    . . .     Faith    .   (no shield)
rNeg     . . .     Spirit   .   a - +0 robe
rPois    .         Reflect  .   (no helmet)
rElec    .         Harm     .   (no cloak)
rCorr    .         Rampage  .   (no gloves)
Will     .....                  (no boots)
Stlth    ++........             (no amulet)
HPRegen  0.06/turn              (no ring)
MPRegen  0.09/turn              (no ring)

@: no status effects
A: no striking features
a: no special abilities


You were on level 1 of the Dungeon.
You visited 1 branch of the dungeon, and saw 1 of its levels.

Inventory:

Hand Weapons
 d - a cursed +0 club
 e - a +0 club (weapon)
 f - a +0 dagger
Missiles
 b - 3 boomerangs (quivered)
Armour
 a - a +0 robe (worn)


   Skills:
 + Level 0.2 Throwing
 + Level 2.0 Dodging
 + Level 2.0 Stealth
 + Level 2.1 Spellcasting
 * Level 4.4 Necromancy


You had 4 spell levels left.
You knew the following spells:

 Your Spells              Type           Power        Failure   Level
a - Pain                  Necr           56%          3%          1

Your spell library contained the following spells:

 Spells                   Type           Power        Failure   Level
 Animate Skeleton         Necr           28%          3%          1
 Vampiric Draining        Necr           7%           11%         3
 Animate Dead             Necr           7%           34%         4
 Agony                    Necr           14%          69%         5


Dungeon Overview and Level Annotations

Branches:
Dungeon (1/15)

Altars:


Message History

The kobold hits you.
* * * LOW HITPOINT WARNING * * *
Throw: 3 boomerangs
Press: ? - help, Q - select action, (/) - cycle Shift-Dir - straight line, f/p - kobold
Aim: a kobold (47% to hit)
You throw a boomerang. The boomerang barely misses the kobold.
The boomerang hits the ooze but does no damage.
The ooze is moderately wounded.
The kobold barely misses you.
Throw: 3 boomerangs
Press: ? - help, Q - select action, (/) - cycle Shift-Dir - straight line, f/p - kobold
Aim: a kobold (47% to hit)
You throw a boomerang. The boomerang hits the kobold.
You kill the kobold!
Throw: 3 boomerangs
Press: ? - help, Q - select action, (/) - cycle Shift-Dir - straight line, f - ooze
Aim: an ooze (moderately wounded, 85% to hit)
You throw a boomerang. The boomerang barely misses the ooze.
The ooze barely misses you. The ooze hits you.
You die...

... ...... ... ...... ...
...........##.#
...........#.#
..........#†# g........#†#
########## ........#J#
#........#
.......†@####........#
###.#####..#...........#
#...#####..#.##........#
#.#.......>#.##........#
###'######.#.#.##...†....#
#p#.#c# #.#.#.####......#
###.######.#.#.####......#
#n#.#p##..........#......#
###.####..........####'###


You could see an ooze.

Vanquished Creatures
  2 goblins (D:1)
  A hobgoblin (D:1)
  4 jackals (D:1)
  2 kobolds (D:1)
  3 rats (D:1)
12 creatures vanquished.

Notes
Turn   | Place    | Note
-------+----------+-------------------------------------------
     0 | D:1      | Hellfordprime the Human Necromancer began the quest for the
                  | Orb.
     0 | D:1      | Reached XP level 1. HP: 13/13 MP: 3/3
     2 | D:1      | Noticed a minotaur
     2 | D:1      | Noticed a gargoyle
     4 | D:1      | Noticed a spriggan
     4 | D:1      | Noticed a vampire
     6 | D:1      | Noticed a naga
     8 | D:1      | Noticed a vine stalker
     8 | D:1      | Noticed a demonspawn
    12 | D:1      | Noticed a formicid
    12 | D:1      | Noticed a halfling
    14 | D:1      | Noticed a dwarf
    14 | D:1      | Noticed an ogre
    16 | D:1      | Noticed a tengu
    16 | D:1      | Noticed an elf
    18 | D:1      | Noticed a troll
    18 | D:1      | Noticed a draconian
    20 | D:1      | Noticed an octopode
    20 | D:1      | Noticed a felid
    22 | D:1      | Noticed a merfolk
    24 | D:1      | Noticed a ghoul
    24 | D:1      | Noticed a human
    26 | D:1      | Noticed a demigod
    26 | D:1      | Noticed a centaur
   474 | D:1      | Reached XP level 2. HP: 14/19 MP: 5/5
   507 | D:1      | Slain by an ooze

Illustrated notes

Levels and vault maps discovered:
D:1:      kb_arrival_jail, layout_basic, nrook_loot_triangle,
          minmay_pentomino_q2

Action                   || total
-------------------------++-------
Melee: Club              ||    11
Throw: Boomerang         ||    41
 Cast: Pain              ||     5
  Use: Potion            ||     1
Armor: Robe              ||    11
Dodge: Dodged            ||    53
